Map: Ever Dream LE

Players

FizzyElf - Winner!

  • Race: Protoss Protoss
  • League: Master
  • Spawn Location: 7:00

darox

  • Race: Zerg Zerg
  • League: Master
  • Spawn Location: 1:00

VOD

Have the link to the VOD?

Description

Time

  • Played on: May 5, 2020, 8:56 a.m.
  • Length: 9:12
Show
View Real Time Build Order
Export as new Build Order

FizzyElf Protoss - Winner!

Build Orders: 1 Gate Expand, Zealot Archon 

Get SALT Encoding   

  12  0:00  Probe  
  13  0:14  Pylon  
  13  0:20  Probe (Chrono Boost)  
  14  0:32  Probe (Chrono Boost)  
  15  0:36  Probe (Chrono Boost)  
  16  0:44  Gateway  
  16  0:46  Probe  
  17  0:55  Assimilator  
  17  0:59  Probe  
  18  1:11  Probe  
  19  1:23  Probe  
  20  1:29  Nexus  
  20  1:37  Cybernetics Core  
  20  1:40  Probe  
  21  1:49  Assimilator  
  21  1:52  Probe  
  22  1:55  Pylon  
  22  2:04  Probe  
  23  2:11  Adept (Chrono Boost)  
  23  2:15  Warp Gate  
  25  2:17  Probe (Chrono Boost)  
  26  2:26  Twilight Council  
  26  2:28  Probe (Chrono Boost)  
  27  2:34  Probe (Chrono Boost)  
  27  2:35  Stalker  
  30  2:41  Probe (Chrono Boost)  
  32  2:49  Probe (Chrono Boost)  
  33  2:51  Probe (Chrono Boost)  
  33  2:56  Probe x2 (Chrono Boost), Resonating Glaives (Chrono Boost)  
  35  3:05  Adept  
  35  3:07  Probe  
  35  3:08  Probe  
  39  3:19  Robotics Facility  
  39  3:24  Probe x2  
  41  3:28  Pylon  
  41  3:32  Gateway  
  41  3:33  Gateway  
  41  3:39  Probe x2  
  43  3:46  Pylon  
  43  4:02  Pylon  
  43  4:05  Warp Prism (Chrono Boost)  
  43  4:07  Gateway  
  43  4:08  Adept  
  47  4:18  Dark Shrine  
  47  4:25  Probe x2  
  47  4:28  Assimilator  
  47  4:30  Assimilator  
  49  4:33  Adept  
  49  4:36  Adept  
  53  4:39  Adept  
  53  4:42  Nexus  
  55  4:49  Immortal  
  59  4:55  Probe x2  
  61  5:07  Probe x2  
  63  5:17  Adept x3  
  63  5:18  Adept  
  61  5:33  Immortal  
  65  5:45  Dark Templar x2  
  65  5:49  Dark Templar x2  
  61  6:07  Probe x2  
  61  6:09  Pylon  
  63  6:18  Adept x2, Blink (Chrono Boost)  
  62  6:23  Forge  
  62  6:25  Gateway  
  66  6:27  Gateway  
  66  6:37  Gateway  
  66  6:39  Gateway  
  66  6:41  Gateway  
  66  6:42  Immortal  
  66  6:44  Gateway  
  70  6:52  Archon  
  70  6:57  Pylon  
  70  6:58  Pylon  
  70  7:00  Pylon  
  70  7:01  Pylon  
  64  7:15  Dark Templar x4  
  68  7:19  Archon x2  
  72  7:26  Stalker  
  72  7:27  Stalker  
  76  7:37  Dark Templar x2, Pylon  
  76  7:39  Stalker  
  76  7:41  Archon  
  76  7:42  Stalker  
  84  7:48  Stalker  
  86  8:11  Stalker x4  
  94  8:12  Stalker  
  94  8:14  Zealot x2  
  94  8:16  Adept  
  94  8:18  Adept  
  94  8:47  Stalker  
  94  8:48  Stalker x6  
Show
View Real Time Build Order
Export as new Build Order

darox Zerg 

Build Orders: Hatch First 

Get SALT Encoding   

  12  0:01  Drone  
  13  0:13  Overlord  
  13  0:17  Drone  
  14  0:31  Drone x2  
  16  0:52  Drone  
  16  0:55  Drone  
  18  0:58  Hatchery  
  17  1:06  Extractor  
  16  1:11  Spawning Pool  
  16  1:14  Drone  
  16  1:18  Drone  
  17  1:20  Drone  
  18  1:29  Overlord  
  18  1:40  Drone  
  19  1:51  Drone  
  20  1:58  Queen  
  20  2:01  Zergling x2  
  23  2:05  Metabolic Boost  
  23  2:09  Queen  
  23  2:11  Drone  
  23  2:12  Drone  
  27  2:21  Drone  
  28  2:23  Drone  
  29  2:37  Hatchery  
  29  2:40  Zergling x2  
  29  2:41  Drone  
  30  2:48  Queen  
  32  2:51  Drone  
  32  2:55  Overlord  
  33  2:58  Drone  
  33  3:00  Drone  
  35  3:07  Drone  
  36  3:18  Drone x4  
  39  3:25  Overlord  
  39  3:28  Queen  
  39  3:32  Zergling x4  
  43  3:36  Spore Crawler  
  43  3:37  Spore Crawler  
  43  3:38  Drone x2  
  43  3:42  Drone  
  43  3:48  Pneumatized Carapace  
  44  3:51  Extractor, Queen  
  44  3:55  Drone x2  
  47  3:56  Drone  
  47  4:01  Zergling x2  
  47  4:02  Zergling x4  
  51  4:06  Zergling x4  
  53  4:12  Zergling x6  
  53  4:16  Spore Crawler  
  55  4:21  Baneling Nest  
  55  4:22  Zergling x2  
  55  4:24  Zergling x2  
  56  4:33  Zergling x4  
  56  4:34  Overlord  
  56  4:36  Overlord  
  58  4:43  Evolution Chamber  
  57  4:46  Overlord  
  57  4:54  Zergling x2  
  57  4:55  Zergling x8  
  62  5:04  Baneling x10  
  62  5:05  Baneling  
  62  5:11  Zergling x2  
  62  5:12  Zergling x4  
  65  5:17  Drone x3  
  63  5:30  Drone x6  
  69  5:44  Drone x7  
  73  5:50  Drone x3  
  73  6:00  Zergling x4  
  72  6:07  Baneling x4, Zergling x2  
  72  6:08  Zergling x12  
  79  6:12  Extractor x2  
  79  6:15  Roach Warren, Drone x2  
  78  6:20  Baneling x4  
  78  6:22  Drone x3  
  80  6:28  Drone  
  77  6:37  Lair, Drone x5  
  82  6:46  Zerg Missile Weapons Level 1  
  82  6:55  Overlord  
  82  6:56  Overlord  
  82  6:58  Hatchery  
  78  7:02  Roach x3  
  72  7:09  Roach  
  72  7:10  Overlord x2  
  72  7:11  Overlord x2  
  74  7:20  Roach x6  
  86  7:22  Extractor x2  
  84  7:31  Roach x5  
  94  7:39  Roach x5  
  94  7:41  Glial Reconstitution  
  104  7:50  Roach x3  
  110  7:53  Roach x3  
  110  7:57  Drone  
  110  7:58  Drone x3  
  119  8:03  Roach  
  122  8:06  Overlord x2  
  122  8:08  Overlord  
  122  8:12  Overlord x2  
  122  8:15  Overlord  
  122  8:18  Overlord  
  122  8:26  Roach  
  122  8:27  Roach x4  
  125  8:33  Zergling x10  
  120  8:38  Roach  
  120  8:39  Roach x2  
  121  8:48  Roach x5  
  111  8:51  Ravager  
  111  8:52  Ravager x5  
Tags
 
Add a new tag
Caveats
  • Supply blocks, unpowered buildings, or Contaminate may cause inaccurate times.
  • Supply counts are checked every 10 seconds.